 Dungeon Crawl Stone Soup version 0.31.0-11-ge490571c62 (webtiles) character file.

Game seed: 5669772615643016495

2 Curundu the Trooper (level 1, -1/18 HPs)
             Began as a Demonspawn Berserker on Feb 6, 2024.
             Was a Follower of Trog.
             Slain by a ball python (2 damage)
             ... on level 1 of the Dungeon.
             The game lasted 00:00:29 (62 turns).

Curundu the Trooper (Demonspawn Berserker)            Turns: 62, Time: 00:00:30

Health: -1/18      AC:  2    Str: 17    XL:     1   Next: 25%
Magic:  1/1        EV:  9    Int:  7    God:    Trog [*.....]
Gold:   13         SH:  0    Dex: 12    Spells: 0/0 levels left

rFire   . . .        a - +0 hand axe
rCold   . . .        (no shield)
rNeg    . . .        b - +0 animal skin
rPois   .            (no helmet)
rElec   .            (no cloak)
rCorr   .            (no gloves)
SInv    .            (no boots)
Will    .....        (no amulet)
Stlth   +            (no ring)
HPRegen 0.23/turn    (no ring)
MPRegen 0.07/turn

%: no passive effects
@: constricted
A: no striking features
a: Renounce Religion, Berserk


You were on level 1 of the Dungeon.
You worshipped Trog.
Trog was aware of your devotion.
You visited 1 branch of the dungeon, and saw 1 of its levels.

You collected 13 gold pieces.

Inventory:

Hand Weapons
 a - a +0 hand axe (weapon)
Missiles
 c - 3 boomerangs (quivered)
Armour
 b - a +0 animal skin (worn)


   Skills:
 + Level 3.0 Fighting
 + Level 2.7 Axes
 + Level 1.7 Armour
 + Level 1.7 Dodging


You couldn't memorise any spells.
You didn't know any spells.
Your spell library was empty.

Dungeon Overview and Level Annotations

Branches:
Dungeon (1/15)

Altars:


Message History

You kill the quokka!
Trog accepts your kill.
You hit the hobgoblin but do no damage. The hobgoblin closely misses you.
You barely miss the ball python. You barely miss the hobgoblin.
The ball python bites you but does no damage.
The ball python grabs you. The ball python constricts you.
The hobgoblin barely misses you. The ball python closely misses you.
The ball python constricts you.
The hobgoblin hits you but does no damage.
You closely miss the ball python. You hit the hobgoblin but do no damage.
A giant cockroach comes into view.
The ball python bites you. The ball python constricts you.
The hobgoblin hits you.
You hit the ball python.
The ball python is moderately wounded.
You closely miss the hobgoblin. You hit the kobold.
The ball python barely misses you. The ball python constricts you.
The hobgoblin closely misses you. The kobold hits you with a +0 club.
* * * LOW HITPOINT WARNING * * *
The ball python barely misses you. The ball python constricts you.
* * * LOW HITPOINT WARNING * * *
You closely miss the ball python.
You punch the ball python, but do no damage.
The ball python is moderately wounded.
You hit the hobgoblin. You hit the kobold.
You kill the kobold!
Trog accepts your kill. The hobgoblin misses you.
The ball python closely misses you. The ball python constricts you.
Unknown command.
You completely miss the ball python.
The ball python is moderately wounded.
You closely miss the hobgoblin.
The hobgoblin hits you but does no damage.
The ball python barely misses you. The ball python constricts you.
* * * LOW HITPOINT WARNING * * *
You hit the hobgoblin but do no damage.
The hobgoblin is severely wounded.
You barely miss the ball python. The ball python bites you.
You die...

#..
####..######.#########..
.....#.....#.#.........>
......$.........###.....
.............##......###
..................##.#
..............###....#
......gS.....# #....#
....B.)@.....#####.#....
............##.....#####
.....#.....##..#####
#### ##.#####.##
###.......# #......####
#..####..## #.# ##..# #.
##.########


You could see a giant cockroach, a hobgoblin and a ball python.

Vanquished Creatures
  A quokka (D:1)
  A kobold (D:1)
2 creatures vanquished.

Notes
Turn   | Place    | Note
-------+----------+-------------------------------------------
     0 | D:1      | Curundu the Demonspawn Berserker began the quest for the
                  | Orb.
     0 | D:1      | Reached XP level 1. HP: 18/18 MP: 1/1
    62 | D:1      | Slain by a ball python

Illustrated notes

Levels and vault maps discovered:
D:1:      tarquinn_simple_flora_water_c, layout_rooms, serial_shops, shop

Action                     || total
---------------------------++-------
  Melee: Hand axe          ||    12
         Punch             ||     1
 Armour: Animal skin       ||    10
  Dodge: Dodged            ||    12
